 Dungeon Crawl Stone Soup version 0.18.1-48-g4cf74bf (webtiles) character file.

654 MicroMarszaL the Skirmisher (level 7, 0/55 HPs)
             Began as a Demonspawn Abyssal Knight on June 28, 2016.
             Was a Priest of Lugonu.
             Slain by an iguana (3 damage)
             ... on level 4 of the Dungeon on June 30, 2016.
             The game lasted 00:47:19 (5373 turns).

MicroMarszaL the Skirmisher (DsAK)                  Turns: 5373, Time: 00:47:19

Health: 0/55       AC:  8    Str: 12    XL:     7   Next: 29%
Magic:  0/9        EV: 16    Int: 14    God:    Lugonu [***...]
Gold:   206        SH:  0    Dex: 12    Spells: 0 memorised, 6 levels left

rFire  . . .     SeeInvis .     a - +2 falchion
rCold  + . .     Gourm    .     h - +1 ring mail
rNeg   . . .     Faith    .     (no shield)
rPois  .         Spirit   +     (helmet restricted)
rElec  .         Dismiss  .     (no cloak)
rCorr  +         Reflect  .     p - +0 pair of gloves
SustAt .         Harm     .     (no boots)
MR     .....                    (no amulet)
Stlth  +.........               s - ring of resist corrosion
                                i - +4 ring of evasion

@: about to teleport, not resistant to hostile enchantments, very unstealthy
A: antennae 1, hooves 2, cold resistance 1, sense surroundings 1, weak 1, magic
shield, magic regeneration, rot immunity
a: Depart the Abyss, Bend Space, Banish, Renounce Religion


You were on level 4 of the Dungeon.
You worshipped Lugonu.
Lugonu was most pleased with you.
You were not hungry.

You visited 1 branch of the dungeon, and saw 5 of its levels.
You visited the Abyss 1 time.

You collected 206 gold pieces.

Inventory:

Hand Weapons
 a - a +2 falchion (weapon)
 k - a +0 dagger
 l - a +0 dagger
 m - a +0 hunting sling
 n - a +0 battleaxe
Missiles
 q - 40 arrows
Armour
 b - a +1 robe of positive energy
 e - a +0 robe
 h - a +1 ring mail (worn)
 p - a +0 pair of gloves (worn)
Magical Staves
 o - an uncursed staff of fire {unknown}
Jewellery
 i - a +4 ring of evasion (left hand)
 r - a +4 ring of intelligence
 s - a ring of resist corrosion (right hand)
Scrolls
 t - 2 scrolls of remove curse
 v - 2 scrolls of teleportation
 w - a scroll of identify
Potions
 d - a potion of curing
 j - a potion of lignification
Comestibles
 c - 2 bread rations
 f - 3 chunks of flesh
 g - a beef jerky
 u - 2 fruits


   Skills:
 + Level 4.7 Fighting
 + Level 3.2 Long Blades
 + Level 0.3 Throwing
 + Level 4.0 Armour
 + Level 4.0 Dodging
 + Level 1.1 Stealth
 + Level 2.7 Invocations


You had 6 spell levels left.
You didn't know any spells.

Dungeon Overview and Level Annotations

Branches:
Dungeon (5/15)
 Temple: D:4-7

Altars:
Nemelex Xobeh


Innate Abilities, Weirdness & Mutations

You have a pair of small antennae on your head.
You have hoof-like feet.
When hurt, damage is shared between your health and your magic reserves.
You regenerate magic rapidly.
You are immune to rotting.
Your flesh is cold resistant.
You passively map a small area around you.
You are weak. (Str -2)


Message History

Beogh smites you!
* * * LOW HITPOINT WARNING * * *
The orc priest looks braver for a moment.
The orc priest calls down the wrath of Beogh upon you.
Beogh smites you!
* * * LOW HITPOINT WARNING * * *
A giant newt comes into view.
The giant newt misses you.
The giant newt hisses menacingly.
The orc priest mumbles some strange prayers to Beogh against you.
Beogh smites you!
* * * LOW HITPOINT WARNING * * *
There is a stone staircase leading up here.
The iguana bites you.
* * * LOW HITPOINT WARNING * * *
You climb upwards.
There is a stone staircase leading down here.
As you read the scroll of teleportation, it crumbles to dust.
You feel strangely unstable. The iguana bites you.
You die...

#......#.#.# ##.#
#..#.#.#.#.######.
#.....(#.#....>...
##..#.#.#.########.
#>#.<...#.## #.
##.##.#.#..# #.
#.##...##.# ##
#l####.##.# #@#
#.##.########
######### #.#
#.##.........
#.......#
#.####.##..##.....
#.#####.#
#......##..##.###. #.#
#.# #.............###.
#.# #.#
######.##....<....
##.##
#.########............
#...#
#.#...(.....##.##.####
##..#
#..............##.####


You could see an iguana.

Vanquished Creatures
  A necrophage (D:4)
  2 ogres (D:4)
  A phantom (D:4)
  2 orc priests
  2 iguanas
  A centaur skeleton (D:5)
  An orc wizard (D:4)
  6 adders
  2 adder skeletons (D:4)
  2 worms (D:3)
  2 dart slugs
  4 giant geckos
  6 orcs
  2 giant cockroaches
  6 goblins
  5 hobgoblins
  16 jackals
  3 kobolds (D:2)
  5 bats
  A giant gecko skeleton (D:4)
  4 giant newts
  7 rats
81 creatures vanquished.

Notes
Turn   | Place    | Note
--------------------------------------------------------------
     0 | Abyss:1  | MicroMarszaL the Demonspawn Abyssal Knight began the quest for the Orb.
     0 | Abyss:1  | Reached XP level 1. HP: 18/18 MP: 2/2
    49 | D:1      | Escaped the Abyss
   217 | D:1      | Reached skill level 1 in Dodging
   438 | D:1      | Gained mutation: You have large cloven feet. [demonic ancestry]
   438 | D:1      | Reached XP level 2. HP: 24/24 MP: 3/3
   818 | D:1      | You fall through a shaft!
  1215 | D:2      | Gained mutation: You have a pair of small antennae on your head. [demonic ancestry]
  1215 | D:2      | Reached XP level 3. HP: 26/29 MP: 4/4
  1333 | D:2      | Reached ** piety under Lugonu
  1768 | D:2      | Gained mutation: You have hoof-like feet. [demonic ancestry]
  1768 | D:2      | Reached XP level 4. HP: 25/36 MP: 6/6
  2034 | D:2      | Gained mutation: You passively map a small area around you. [potion of mutation]
  2034 | D:2      | Gained mutation: Your flesh is cold resistant. [potion of mutation]
  2034 | D:2      | Gained mutation: You are weak. (Str -2) [potion of mutation]
  2379 | D:3      | Found a faded altar to an unknown god.
  2782 | D:3      | Found a sparkling altar of Nemelex Xobeh.
  3412 | D:4      | Gained mutation: You are immune to rotting. [demonic ancestry]
  3412 | D:4      | Reached XP level 5. HP: 38/42 MP: 7/7
  3485 | D:4      | Noticed a phantom
  3536 | D:4      | Killed a phantom
  3886 | D:4      | Reached *** piety under Lugonu
  3893 | D:4      | Gained mutation: When hurt, damage is shared between your health and your magic reserves. [demonic ancestry]
  3893 | D:4      | Reached XP level 6. HP: 21/48 MP: 8/8
  4302 | D:4      | Reached skill level 1 in Stealth
  4535 | D:4      | Gained mutation: You regenerate magic rapidly. [demonic ancestry]
  4535 | D:4      | Reached XP level 7. HP: 17/55 MP: 3/9
  5242 | D:5      | Entered Level 5 of the Dungeon
  5361 | D:5      | HP: 1/55 [orc priest/divine providence (6)]
  5367 | D:5      | HP: 2/55 [iguana (1)]
  5373 | D:4      | Slain by an iguana

Skill      XL: |  1  2  3  4  5  6  7 |
---------------+----------------------+-----
Dodging        | 1 2 3 4 |  4.0
Long Blades    | 2 3 |  3.2
Armour         | 2 3 4 |  4.0
Fighting       | 4 |  4.7
Stealth        | 1 |  1.1
Throwing       | |  0.3
Invocations    | |  2.7

Action                   |  1- 3 |  4- 6 |  7- 9 || total
-------------------------+-------+-------+-------++-------
Melee: Falchion          |   130 |   286 |    31 ||   447
       Kick              |    18 |    69 |    11 ||    98
Throw: Tomahawk          |     2 |     1 |     3 ||     6
Invok: Bend Space        |       |     1 |       ||     1
  Use: Potion            |     1 |     6 |       ||     7
       Scroll            |     3 |     6 |     4 ||    13
  Eat: Chunk             |     1 |     2 |     1 ||     4
       Bread ration      |     1 |     1 |     1 ||     3
Armor: Leather armour    |     2 |       |       ||     2
       Ring mail         |    55 |    73 |     2 ||   130
Dodge: Dodged            |   127 |   197 |    21 ||   345
